 Dungeon Crawl Stone Soup version 0.19-a0-979-g9f96267 (webtiles) character file.

11893 Musica the Basher (level 11, -1/127 HPs)
             Began as an Ogre Hunter on July 13, 2016.
             Was a High Priest of Okawaru.
             Slain by a hell rat (8 damage)
             ... on level 1 of the Lair of Beasts on July 14, 2016.
             The game lasted 00:49:20 (10558 turns).

Musica the Basher (Ogre Hunter)                    Turns: 10558, Time: 00:49:20

Health: -1/127     AC:  7    Str: 20 (21) XL:     11   Next: 84%
Magic:  21/21      EV:  9    Int: 15      God:    Okawaru [*****.]
Gold:   451        SH:  0    Dex: 11 (13) Spells: 2 memorised, 19 levels left

rFire  . . .     SeeInvis +     b - +2 morningstar "Titsikh" {crush, rPois Int+5 Dex-2}
rCold  . . .     Gourm    .     J - +0 robe {MR+}
rNeg   . . .     Faith    .     (no shield)
rPois  +         Spirit   .     p - +2 hat
rElec  .         Dismiss  .     d - +1 cloak
rCorr  .         Reflect  .     (gloves unavailable)
SustAt .         Harm     .     (boots unavailable)
MR     ++...                    m - amulet of regeneration
Stlth  +.........               (no ring)
                                (no ring)

@: very heavily drained, very resistant to hostile enchantments, very unstealthy
A: unfitting armour, fangs 1, see invisible, agile 1, deterioration 1, screaming
1, strong 1, tough skin 1, wild magic 2
a: Heroism, Finesse, Renounce Religion


You were on level 1 of the Lair of Beasts.
You worshipped Okawaru.
Okawaru was extremely pleased with you.
You were hungry.

You visited 3 branches of the dungeon, and saw 13 of its levels.
You also visited: Sewer.

You collected 500 gold pieces.
You spent 49 gold pieces at shops.

Inventory:

Hand Weapons
 a - a +7 giant club
 b - the +2 morningstar "Titsikh" (weapon) {crush, rPois Int+5 Dex-2}
   (Okawaru gifted it to you on level 1 of the Lair of Beasts)

   It inflicts extra damage upon your enemies.
   It affects your intelligence (+5).
   It affects your dexterity (-2).
   It protects you from poison.
 L - a +0 blowgun
 N - a +6 dire flail of protection
Missiles
 c - 12 large rocks
 o - 4 needles of sleeping
 v - 30 poisoned needles
 C - 12 tomahawks (quivered)
Armour
 d - a +1 cloak (worn)
 p - a +2 hat (worn)
 J - a +0 robe of magic resistance (worn)
Magical Staves
 i - an uncursed staff of summoning
 r - an uncursed staff of conjuration
Jewellery
 m - an amulet of regeneration (around neck)
 x - an uncursed ring of fire
 G - an uncursed ring of sustain attributes
Wands
 l - a wand of teleportation (4/9)
 t - a wand of flame (41/48)
 u - a wand of disintegration (8/24)
 y - a wand of slowing (45/48)
 z - a wand of confusion (41/48)
 B - a wand of slowing (12/48)
 E - a wand of digging (9/24)
 H - a wand of random effects (19/48)
 I - a wand of digging (15/24)
Scrolls
 g - 3 scrolls of blinking
 h - 3 scrolls of remove curse
 j - a scroll of teleportation
 q - 3 scrolls of amnesia
 w - 3 scrolls of recharging
 F - 3 scrolls of magic mapping
 O - a scroll of identify
Potions
 n - 2 potions of flight
Books
 A - a book of Alchemy

   Spells                             Type                      Level
   a - Sublimation of Blood           Necromancy                   2
   b - Ignite Poison                  Fire/Transmutation/Poison    3
   c - Petrify                        Transmutation/Earth          4
   d - Alistair's Intoxication        Transmutation/Poison         5
   e - Irradiate                      Conjuration/Transmutation    5
 D - a book of Fire

   Spells                             Type                      Level
   a - Ignite Poison                  Fire/Transmutation/Poison    3
   b - Fireball                       Conjuration/Fire             5
   c - Bolt of Fire                   Conjuration/Fire             6
   d - Delayed Fireball               Conjuration/Fire             7
   e - Ring of Flames                 Charms/Fire                  7
 P - a book of Enchantments

   Spells                             Type                      Level
   a - Cause Fear                     Hexes                        4
   b - Yara's Violent Unravelling     Hexes/Transmutation          5
   c - Silence                        Hexes/Air                    5
   d - Deflect Missiles               Charms/Air                   6
   e - Haste                          Charms                       6
   f - Discord                        Hexes                        8
Comestibles
 f - 11 bread rations
 k - 11 meat rations
 s - a beef jerky
 Q - 3 chunks of flesh


   Skills:
 + Level 13.1(8.9) Fighting
 + Level 13.9(9.6) Maces & Flails
 + Level 6.6(3.0) Throwing
 - Level 1.7(0.0) Dodging
 - Level 0.7(0.0) Stealth
 * Level 7.0(3.3) Spellcasting
 + Level 0.3(0.0) Transmutations
 + Level 3.3(0.0) Fire Magic
 * Level 4.9(1.4) Invocations


You had 19 spell levels left.
You knew the following spells:

 Your Spells              Type           Power        Failure   Level  Hunger
a - Sublimation of Blood  Necr           #.........   52%         2    ##.....
b - Ignite Poison         Fire/Tmut/Pois #.......     83%         3    ###....


Dungeon Overview and Level Annotations

Branches:
Dungeon (10/15)            Temple (1/1) D:7            Lair (2/6) D:9
  Swamp: Lair:2-4    Shoals: Lair:2-4     Snake: Lair:2-4    Spider: Lair:2-4
    Orc: D:9-12

Altars:
Ashenzari
Cheibriados
Dithmenos
Elyvilon
Fedhas
Gozag
Hepliaklqana
Kikubaaqudgha
Makhleb
Nemelex Xobeh
Okawaru
Pakellas
Qazlal
Ru
Sif Muna
Trog
Uskayaw
Vehumet
Xom
Yredelemnul
Zin
The Shining One

Shops:
D:7 ?   D:9 :


Innate Abilities, Weirdness & Mutations

You are too large for most types of armour.
You have tough skin. (AC +1)
You have very sharp teeth.
You have supernaturally acute eyesight. (SInv)
You are agile. (Dex +2)
Your body sometimes deteriorates upon taking damage.
You occasionally shout uncontrollably at your foes.
Your muscles are strong. (Str +2)
Your spells are harder to cast, but more powerful.


Message History

You barely miss the hell rat. Your bite misses the hell rat.
The hell rat is heavily wounded.
The hell rat bites you!
* * * LOW HITPOINT WARNING * * *
You feel drained.
You hit the hell rat but do no damage.
The hell rat is heavily wounded.
The hell rat bites you!
* * * LOW HITPOINT WARNING * * *
You barely miss the hell rat.
The hell rat is heavily wounded.
The hell rat bites you but does no damage.
You feel better. The hell rat bites you!
* * * LOW HITPOINT WARNING * * *
You feel drained.
* * * LOW HITPOINT WARNING * * *
You feel better. The hell rat bites you!
* * * LOW HITPOINT WARNING * * *
The hell rat bites you!
You die...

..............#
.<............# ##
..##..........# .
######........## .#
#.##......#r# #.#
########### r###.## ##
#### ...#.# #.###
#####..###r..#
.....####.#.†##.@rr..#
.........#.#######.##..#
.......##### .#.# ...
#......###### ## #.. .
#P..........# ##.
##..........# ..
#...........# .
............#
............#


You could see a hell rat and 2 rats.

Vanquished Creatures
  Joseph (D:8)
  Maurice (D:8)
  4 spiny frogs (Lair:1)
  4 torpor snails (Lair:1)
  3 komodo dragons (Lair:1)
  A troll (D:8)
  14 yaks
  3 basilisks (D:9)
  3 hippogriffs
  3 water moccasins
  5 porcupines
  5 sky beasts
  2 ice beasts (D:7)
  An orc warrior (D:8)
  2 black bears
  A necrophage (D:9)
  3 ogres
  3 centaurs
  4 crocodiles
  2 big kobolds
  9 giant frogs
  3 wights (D:9)
  4 crimson imps (D:5)
  3 orc priests
  A jelly (D:8)
  A giant frog skeleton (D:4)
  6 hounds
  A centaur skeleton (D:8)
  6 orc wizards
  8 worker ants
  8 hell rats (Lair:1)
  5 iguanas
  5 sheep (D:9)
  A hound skeleton (D:6)
  A howler monkey skeleton (D:7)
  27 river rats
  11 adders
  A shadow imp (D:5)
  An ooze (D:4)
  An adder skeleton (D:6)
  A worm (D:2)
  4 dart slugs
  9 giant geckos
  22 orcs
  2 giant cockroaches (D:5)
  5 goblins
  11 hobgoblins
  6 jackals
  4 quokkas
  2 ball pythons
  5 bats
  A giant cockroach zombie (D:5)
  A giant gecko skeleton (D:6)
  2 giant gecko zombies
  6 giant newts
  18 kobolds
  A quokka zombie (D:5)
  31 rats
299 creatures vanquished.

Notes
Turn   | Place    | Note
-------+----------+-------------------------------------------
     0 | D:1      | Musica the Ogre Hunter began the quest for the Orb.
     0 | D:1      | Reached XP level 1. HP: 22/22 MP: 1/1
   156 | D:1      | Reached XP level 2. HP: 26/29 MP: 2/2
   962 | D:2      | Reached XP level 3. HP: 30/36 MP: 3/3
   992 | D:2      | Reached skill level 5 in Throwing
  1153 | D:2      | Found an iron altar of Okawaru.
  1158 | D:2      | Found a sacrificial altar of Ru.
  1192 | D:2      | Reached XP level 4. HP: 42/45 MP: 4/4
  1246 | D:2      | Became a worshipper of Warmaster Okawaru
  1666 | D:3      | Found a shattered altar of Ashenzari.
  1679 | D:3      | Reached skill level 1 in Maces & Flails
  1804 | D:3      | Reached skill level 1 in Invocations
  1804 | D:3      | Reached XP level 5. HP: 20/54 MP: 5/5
  2383 | D:3      | Found a radiant altar of Vehumet.
  2673 | D:4      | HP: 1/54 [hound (5)]
  2679 | D:4      | HP: 1/54 [hound (6)]
  2683 | D:4      | Gained mutation: You have supernaturally acute eyesight. (SInv) [potion of mutation]
  2683 | D:4      | Gained mutation: Your magical capacity is low. (-10% MP) [potion of mutation]
  2683 | D:4      | Gained mutation: You are resistant to hostile enchantments. (MR+) [potion of mutation]
  2690 | D:4      | HP: 2/81 [hound (3)]
  2692 | D:4      | Reached XP level 6. HP: 3/63 MP: 6/6
  2893 | D:4      | Reached * piety under Okawaru
  2929 | D:5      | Entered Level 5 of the Dungeon
  2997 | D:5      | Reached skill level 5 in Fighting
  3121 | D:5      | Reached XP level 7. HP: 22/74 MP: 5/7
  3297 | D:5      | Found a glowing drain.
  3304 | Sewer    | Entered a sewer
  3388 | Sewer    | Reached skill level 5 in Maces & Flails
  3570 | Sewer    | Found a white marble altar of Elyvilon.
  4004 | D:4      | Reached XP level 8. HP: 38/87 MP: 5/8
  4775 | D:6      | Learned a level 2 spell: Sublimation of Blood
  5448 | D:7      | Found an oddly glowing altar of Pakellas.
  5489 | D:7      | Reached ** piety under Okawaru
  5631 | D:7      | Learned a level 3 spell: Ignite Poison
  5819 | D:7      | Reached skill level 1 in Spellcasting
  6057 | D:7      | Found Soodgh's Magic Scroll Shoppe.
  6065 | D:7      | Bought a scroll of fear for 49 gold pieces
  6168 | D:7      | Found a staircase to the Ecumenical Temple.
  6176 | Temple   | Entered the Ecumenical Temple
  6415 | D:7      | Reached skill level 1 in Fire Magic
  6415 | D:7      | Reached XP level 9. HP: 100/100 MP: 10/10
  6576 | D:8      | Found a shimmering altar of Xom.
  6703 | D:8      | Found a blossoming altar of Fedhas.
  6832 | D:8      | Reached skill level 10 in Fighting
  6938 | D:8      | Found an oddly glowing altar of Pakellas.
  7032 | D:8      | Reached *** piety under Okawaru
  7032 | D:8      | Reached skill level 10 in Maces & Flails
  7615 | D:9      | Reached XP level 10. HP: 57/111 MP: 14/14
  7630 | D:9      | Gained mutation: Your body sometimes deteriorates upon taking damage. [mutagenic meat]
  7633 | D:9      | Gained mutation: Your muscles are strong. (Str +2) [mutagenic meat]
  7646 | D:8      | Gained mutation: Your spells are a little harder to cast, but a little more powerful. [mutagenic meat]
  7649 | D:8      | Lost mutation: Your magical capacity is low. (-10% MP) [mutagenic meat]
  7652 | D:8      | Gained mutation: You occasionally shout uncontrollably at your foes. [mutagenic meat]
  7851 | D:9      | Reached **** piety under Okawaru
  8257 | D:8      | Gained mutation: Your spells are harder to cast, but more powerful. [potion of mutation]
  8257 | D:8      | Gained mutation: You have very sharp teeth. [potion of mutation]
  8257 | D:8      | Gained mutation: You are agile. (Dex +2) [potion of mutation]
  8287 | D:9      | Received a gift from Okawaru
  8297 | D:9      | Noticed Joseph
  8297 | D:9      | Noticed Maurice
  8324 | D:8      | Killed Joseph
  8326 | D:8      | Killed Maurice
  8531 | D:9      | Lost mutation: You are resistant to hostile enchantments. (MR+) [mutagenic meat]
  8545 | D:10     | Entered Level 10 of the Dungeon
  8615 | D:9      | Reached skill level 5 in Spellcasting
  8723 | D:9      | Found a staircase to the Lair.
  8865 | D:9      | Found Byuriez's Book Emporium.
  8915 | D:9      | Upgraded the game from 0.19-a0-970-g9a4211b to 0.19-a0-979-g9f96267
  8917 | Lair:1   | Entered Level 1 of the Lair of Beasts
  8934 | D:9      | Reached ***** piety under Okawaru
  9130 | Lair:1   | Reached XP level 11. HP: 102/124 MP: 12/19
  9237 | Lair:1   | Received a gift from Okawaru
  9782 | Lair:1   | Found a snail-covered altar of Cheibriados.
 10175 | Lair:1   | Received a gift from Okawaru
 10177 | Lair:1   | Got a steaming morningstar {god gift}
 10178 | Lair:1   | Identified the +2 morningstar "Titsikh" {crush, rPois Int+5 Dex-2} (Okawaru gifted it to you on level 1 of the Lair of Beasts)
 10557 | Lair:1   | HP: 5/127 [hell rat (4)]
 10558 | Lair:1   | Slain by a hell rat

Vault maps used:
D:1:      nicolae_arrival_washed_ashore
D:2:      grunt_temple_overflow_open, minmay_misc_feat_columns,
          bh_walls_and_bars
D:3:      nicolae_ashenzari_panopticon, vehumet_crystals
D:4:      first_bread
D:5:      gup_sewer_entry_bubbles
D:7:      marbit_many_paths, serial_shops, nicolae_shop_trees
D:8:      nicolae_overflow_hidden_temple, kennysheep_mini, grunt_pakellas_basics
D:9:      minmay_lair_entry_grove, serial_shops, nicolae_shop_trees,
          uniq_joseph, uniq_maurice
D:10:     serial_corexii_hall, corexii_hall_statues_l, corexii_hall_statues_l,
          hangedman_little_slice_of_home, led_sif_book
Temple:   regret_index_temple_generic_petals
Lair:1:   lemuel_ratsnest, kennysheep_snail_temple
Lair:2:   minmay_swamp_entry_eels, beast_lair_carwin_2
Sewer:    sewer_kobolds

Skill      XL: |  1  2  3  4  5  6  7  8  9 10 11 |
---------------+----------------------------------+-----
Fighting       | 3 4 5 7 9 10 12 13 | 13.1
Throwing       | 5 6 |  6.6
Maces & Flails | 1 2 4 6 9 10 12 13 | 13.9
Invocations    | 1 2 4 |  4.9
Spellcasting   | 1 4 5 7 |  7.0
Fire Magic     | 1 2 3 |  3.3
Dodging        | |  1.7
Stealth        | |  0.7
Transmutations | |  0.3

Action                   |  1- 3 |  4- 6 |  7- 9 | 10-12 || total
-------------------------+-------+-------+-------+-------++-------
Melee: Short sword       |    57 |       |       |       ||    57
       Club              |    68 |   298 |   123 |       ||   489
       Punch             |       |     1 |     3 |     1 ||     5
       Giant club        |       |       |   184 |   125 ||   309
       Bite              |       |       |       |    44 ||    44
       Morningstar       |       |       |       |   117 ||   117
       Dire flail        |       |       |       |    72 ||    72
 Fire: Blowgun           |       |       |       |     4 ||     4
Throw: Large rock        |    13 |    22 |    27 |    17 ||    79
       Throwing net      |       |     3 |       |       ||     3
       Tomahawk          |       |       |    37 |    42 ||    79
 Cast: Ignite Poison     |       |       |       |     1 ||     1
Invok: Heroism           |       |     2 |     9 |     7 ||    18
       Finesse           |       |       |       |     2 ||     2
Evoke: Wand              |       |     1 |     2 |     1 ||     4
  Use: Scroll            |     1 |     7 |     6 |     1 ||    15
       Potion            |       |     7 |     1 |    12 ||    20
 Stab: Sleeping          |     1 |     1 |     1 |       ||     3
  Eat: Chunk             |     1 |     8 |     9 |     9 ||    27
       Fruit             |       |       |     2 |       ||     2
       Royal jelly       |       |       |     1 |       ||     1
       Pizza             |       |       |     1 |       ||     1
       Beef jerky        |       |       |     2 |       ||     2
       Meat ration       |       |       |       |     1 ||     1
Armor: Robe              |    43 |   122 |   110 |    60 ||   335
       Skin              |       |       |       |     9 ||     9
Dodge: Dodged            |   103 |   228 |   166 |   139 ||   636
